 Dungeon Crawl Stone Soup version 0.23.2-40-g277498a001 (webtiles) character file.

Game seed: 8417820653749976827

2601 Frank2 the Cleaver (level 9, 0/74 HPs)
             Began as a Demigod Gladiator on Aug 31, 2019.
             Succumbed to an adder's poison
             ... on level 7 of the Dungeon.
             The game lasted 00:11:36 (6604 turns).

Frank2 the Cleaver (Demigod Gladiator)              Turns: 6604, Time: 00:11:37

Health: 0/74       AC: 10    Str: 19    XL:     9   Next: 11%
Magic:  11/11      EV: 14    Int: 15    God:
Gold:   242        SH:  0    Dex: 21    Spells: 8/8 levels left

rFire    + . .     SeeInvis .   a - +1 war axe
rCold    . . .     Gourm    .   (no shield)
rNeg     . . .     Faith    .   i - +1 ring mail {rF+}
rPois    .         Spirit   .   b - +0 helmet {Int+3}
rElec    .         Reflect  .   o - +0 cloak
rCorr    .         Harm     .   m - +0 pair of gloves
MR       .....                  (no boots)
Stlth    +.........             (no amulet)
HPRegen  0.22/turn              (no ring)
MPRegen  0.12/turn              (no ring)

@: lethally poisoned (0 -> -1)
A: high mp 1
a: no special abilities


You were on level 7 of the Dungeon.
You were not hungry.

You visited 1 branch of the dungeon, and saw 7 of its levels.
You also visited: Sewer.

You collected 242 gold pieces.

Inventory:

Hand Weapons
 a - a +1 war axe (weapon)
Missiles
 d - 2 throwing nets (quivered)
Armour
 b - a +0 helmet of intelligence (worn)
 i - a +1 ring mail of fire resistance (worn)
 m - a +0 pair of gloves (worn)
 o - a +0 cloak (worn)
Jewellery
 c - a +3 ring of evasion {unknown}
 e - an uncursed ring of protection from fire
Scrolls
 h - a scroll of magic mapping {unknown}
 k - 3 scrolls of teleportation
 n - 2 scrolls of fear
 q - 2 scrolls of identify
 r - a scroll of remove curse {unknown}
Potions
 g - a potion of haste
 j - a potion of flight
 l - 2 potions of agility
Comestibles
 f - 8 rations
 p - 4 chunks of flesh


   Skills:
 + Level 5.0 Fighting
 + Level 8.7 Axes
 - Level 1.7 Throwing
 + Level 5.2 Armour
 + Level 4.8 Dodging


You had 8 spell levels left.
You didn't know any spells.
Your spell library was empty.

Dungeon Overview and Level Annotations

Branches:
Dungeon (7/15)             Temple (0/1) D:6

Shops:
D:5 *   D:6 }   D:7 =!


Innate Abilities, Weirdness & Mutations

You have an increased reservoir of magic. (+10% MP)


Message History

The troll closely misses you. The troll claws you.
* * * LOW HITPOINT WARNING * * *
Unknown command.
You hit the troll.
The troll is severely wounded.
You barely miss the adder. The adder closely misses you. The troll bites you!
* * * LOW HITPOINT WARNING * * *
The troll barely misses you. The troll claws you.
* * * LOW HITPOINT WARNING * * *
The adder bites you.
* * * LOW HITPOINT WARNING * * *
You are lethally poisoned!
The adder poisons you!
Okay, then.
You slice the troll!!
You kill the troll!
Your Fighting skill increases to level 5!
You hit the adder.
You kill the adder!
You die...

## ..######## #..
.........#########.#
........†........#.#
..#####@### #.#.#
#......∩..## #.#.#
####..#.#..#####.#.#####
#.##...#.#........... #>
##)###..##.#.##### .
#..#......#.# # #
............# #
####.####....##### #.#
#.........


There were no monsters in sight!

Vanquished Creatures
  A troll (D:7)
  Eustachio (D:4)
  An ice beast (D:7)
  An orc warrior (D:7)
  A phantom (D:7)
  A necrophage (D:6)
  2 ogres
  2 centaurs (D:5)
  A big kobold (Sewer)
  4 bullfrogs (D:6)
  A scorpion (D:4)
  3 howler monkeys (D:7)
  2 crimson imps
  2 bullfrog zombies
  A centaur zombie (D:7)
  3 hounds
  A quasit (D:6)
  2 orc priests
  6 orc wizards
  A centaur skeleton (D:7)
  2 worker ants
  A hound skeleton (D:6)
  A howler monkey zombie (D:4)
  13 gnolls
  15 adders
  A shadow imp (D:5)
  2 oozes
  6 worms
  2 dart slugs
  5 leopard geckos
  22 orcs
  9 giant cockroaches
  10 goblins
  6 hobgoblins
  14 jackals
  13 kobolds
  2 quokkas (D:3)
  A ball python (D:6)
  10 bats
  7 frilled lizards
  17 rats
196 creatures vanquished.

Vanquished Creatures (others)
  An orc wizard (D:7)
1 creature vanquished.

Grand Total: 197 creatures vanquished

Notes
Turn   | Place    | Note
-------+----------+-------------------------------------------
     0 | D:1      | Frank2 the Demigod Gladiator began the quest for the Orb.
     0 | D:1      | Reached XP level 1. HP: 17/17 MP: 3/3
    72 | D:1      | Reached XP level 2. HP: 11/24 MP: 4/4
   271 | D:1      | Reached skill level 3 in Axes
   566 | D:1      | Reached XP level 3. HP: 28/29 MP: 5/5
  1289 | D:2      | Reached XP level 4. HP: 31/37 MP: 6/6
  1537 | D:2      | Reached skill level 4 in Axes
  1618 | D:2      | Reached skill level 1 in Armour
  1788 | D:2      | Found a stormy altar of Qazlal.
  1963 | D:3      | Reached XP level 5. HP: 13/42 MP: 7/7
  2249 | D:3      | Found a faded altar of an unknown god.
  2829 | D:3      | You fall through a shaft for 3 floors!
  2852 | D:6      | Reached XP level 6. HP: 10/51 MP: 8/8
  2858 | D:6      | HP: 1/51 [gnoll/+0 spear (7)]
  2863 | D:6      | Reached skill level 5 in Axes
  3085 | D:6      | Reached XP level 7. HP: 18/57 MP: 9/9
  3147 | D:6      | Reached skill level 6 in Axes
  3173 | D:6      | Found a glowing drain.
  3177 | Sewer    | Entered a sewer
  3516 | Sewer    | Found a white marble altar of Elyvilon.
  3621 | D:6      | Found Feeng's Gadget Emporium.
  4046 | D:6      | Found a staircase to the Ecumenical Temple.
  4367 | D:5      | Entered Level 5 of the Dungeon
  4398 | D:5      | Found Hiojey's Assorted Antiques.
  4407 | D:5      | Reached XP level 8. HP: 49/66 MP: 10/10
  4529 | D:4      | Reached skill level 7 in Axes
  4787 | D:4      | Noticed Eustachio
  4807 | D:4      | Killed Eustachio
  6296 | D:7      | Reached skill level 8 in Axes
  6300 | D:7      | Reached skill level 5 in Armour
  6508 | D:7      | Found Gamont's Distillery.
  6517 | D:7      | Reached XP level 9. HP: 42/73 MP: 11/11
  6590 | D:7      | Found Deim's Jewellery Boutique.
  6603 | D:7      | HP: 3/73 [troll (13)]
  6603 | D:7      | HP: 1/73 [adder (1)]
  6604 | D:7      | Reached skill level 5 in Fighting
  6604 | D:7      | Succumbed to an adder's poison

Skill      XL: |  1  2  3  4  5  6  7  8  9 |
---------------+----------------------------+-----
Dodging        | 3 4 |  4.8
Fighting       | 2 3 4 5 |  5.0
Axes           | 3 4 5 6 8 |  8.7
Armour         | 1 2 3 5 |  5.2
Throwing       | |  1.7

Action                   |  1- 3 |  4- 6 |  7- 9 || total
-------------------------+-------+-------+-------++-------
Melee: War axe           |   115 |   189 |   307 ||   611
Throw: Throwing net      |       |       |     3 ||     3
  Use: Scroll            |     5 |       |     6 ||    11
       Potion            |       |     4 |     3 ||     7
 Stab: Sleeping          |     3 |     1 |       ||     4
       Held in net/web   |       |       |     1 ||     1
  Eat: Chunk             |     1 |     5 |    10 ||    16
       Ration            |       |       |     1 ||     1
Armor: Leather armour    |    40 |     9 |       ||    49
       Ring mail         |       |    69 |   110 ||   179
Dodge: Dodged            |   109 |   198 |   268 ||   575
